 Dungeon Crawl Stone Soup version 0.29.1-1-gd02db6906a (webtiles) character file.

Game seed: 3402555971116176721

51 GandalfHyperdrive the Cudgeller (level 3, -7/29 HPs)
             Began as a Demonspawn Berserker on Sept 18, 2022.
             Was a Believer of Trog.
             Mangled by a gnoll
             ... wielding a +0 flail
              (8 damage)
             ... on level 3 of the Dungeon.
             The game lasted 00:07:43 (1962 turns).

GandalfHyperdrive the Cudgeller (DsBe)              Turns: 1962, Time: 00:07:44

Health: -7/29      AC:  6    Str: 19    XL:     3   Next: 58%
Magic:  3/3        EV: 12    Int:  8    God:    Trog [**....]
Gold:   106        SH:  0    Dex: 12    Spells: 2/2 levels left

rFire   . . .      SeeInvis .   a - +0 mace
rCold   . . .      Faith    .   (no shield)
rNeg    . . .      Spirit   .   b - +0 animal skin
rPois   .          Reflect  .   (helmet restricted)
rElec   .          Harm     .   k - +0 cloak
rCorr   .          Rampage  .   (no gloves)
Will    .....                   c - +2 pair of boots
Stlth   +.........              (no amulet)
HPRegen 0.09/turn               (no ring)
MPRegen 0.08/turn               (no ring)

@: no status effects
A: horns 1
a: Renounce Religion, Berserk, Trog's Hand


You were on level 3 of the Dungeon.
You worshipped Trog.
Trog was pleased with you.
You visited 1 branch of the dungeon, and saw 3 of its levels.

You collected 106 gold pieces.

Inventory:

Hand Weapons
 a - a +0 mace (weapon)
 u - the +5 dagger "Plog" {vorpal, Fragile Will++}
   (You found it on level 2 of the Dungeon)

   It inflicts extra damage upon your enemies.
   Fragile:   It will be destroyed if unequipped.
   Will:      It greatly increases your willpower.
Armour
 b - a +0 animal skin (worn)
 c - a +2 pair of boots (worn)
 k - a +0 cloak (worn)
 t - a +0 helmet
Scrolls
 e - 2 scrolls of identify {unknown}
 f - 2 scrolls of amnesia {unknown}
 j - a scroll of fear {unknown}
 m - a scroll of magic mapping {unknown}
 n - a scroll of enchant armour {unknown}
 q - a scroll of vulnerability {unknown}
 s - a scroll of poison {unknown}
Potions
 d - a potion of heal wounds {unknown}
 g - a potion of flight {unknown}
 h - a potion of lignification {unknown}
 l - a potion of attraction {unknown}
 o - a potion of invisibility {unknown}
 p - 2 potions of curing {unknown}
 r - a potion of magic {unknown}
 v - a potion of degeneration {unknown}


   Skills:
 - Level 3.0 Fighting
 + Level 4.2 Maces & Flails
 - Level 1.7 Armour
 - Level 1.7 Dodging


You had 2 spell levels left.
You didn't know any spells.
Your spell library contained the following spells:

 Spells                   Type           Power      Damage    Failure   Level
 Beastly Appendage        Tmut           0%         N/A       41%         1
 Wereblood                Tmut           0%         N/A       54%         2
 Spider Form              Tmut/Pois      0%         N/A       78%         3


Dungeon Overview and Level Annotations

Branches:
Dungeon (3/15)

Altars:


Innate Abilities, Weirdness & Mutations

You have a pair of small horns on your head.


Message History

The giant cockroach misses you.
You closely miss the giant cockroach. You headbutt the giant cockroach.
You kill the giant cockroach!
Trog accepts your kill.
No target in view!
You now have 106 gold pieces (gained 12).
A gnoll comes into view. It is wielding a +0 flail.
A gnoll comes into view. It is wielding a +0 whip.
There are monsters nearby!
A gnoll comes into view. It is wielding a +0 spear.
The gnoll shouts! x2
A hobgoblin comes into view.
The hobgoblin shouts!
You barely miss the gnoll.
The gnoll drinks a potion.
The gnoll seems to grow stronger.
The gnoll closely misses you.
You hit the gnoll. You headbutt the gnoll.
The gnoll is heavily wounded.
The gnoll hits you with a +0 whip.
You barely miss the gnoll. Your headbutt misses the gnoll.
The gnoll is heavily wounded.
The gnoll barely misses you. The gnoll closely misses you.
The gnoll hits you from afar with a +0 spear.
You are too injured to fight recklessly!
You are too injured to fight recklessly!
You are too injured to fight recklessly!
The gnoll hits you with a +0 flail! The gnoll attacks as you move away!
The gnoll hits you with a +0 flail.
You closely miss the gnoll. Your headbutt misses the gnoll.
The gnoll barely misses you. The gnoll hits you but does no damage.
The gnoll hits you from afar with a +0 spear.
The gnoll hits you with a +0 flail!
* * * LOW HITPOINT WARNING * * *
Read: scroll of immolation
Press: ? - help, Q - select action, (/) - cycle Dir - look around, f - activate Look: a gnoll, wielding a +0 whip and quivering boomerangs (heavily wounded, susceptible)
As you read the scroll of immolation, it crumbles to dust.
The creatures around you are filled with an inner flame!
The gnoll closely misses you. The gnoll completely misses you.
The gnoll attacks as you move away! The gnoll hits you with a +0 flail!
You die...

#....# ###..#.#
#.#..#.# #.#..#..
#########.#..#.#
#......
............#.#
#......
#.#.....#..#.#
#...... #
#......@.....#
###......
#...#..g##gg####.#
#.+......
#.....g...# #.#
#.#......
......$†##..#
#.###.#......
...........##
#............
#.#........#
#+###.######. #
#...#.##..
#.#(.....
........+..
#.#......
........##...
#.#......


You could see 3 gnolls and a hobgoblin.

Vanquished Creatures
  2 dart slugs
  9 endoplasms
  5 giant cockroaches
  A goblin (D:1)
  5 hobgoblins
  4 jackals (D:2)
  2 quokkas
  3 ball pythons (D:1)
  4 bats
  A frilled lizard (D:1)
  3 kobolds
  A rat (D:1)
40 creatures vanquished.

Notes
Turn   | Place    | Note
-------+----------+-------------------------------------------
     0 | D:1      | GandalfHyperdrive the Demonspawn Berserker began the quest
                  | for the Orb.
     0 | D:1      | Reached XP level 1. HP: 18/18 MP: 1/1
    92 | D:1      | Reached skill level 3 in Maces & Flails
   287 | D:1      | Discovered your monstrous ancestry.
   287 | D:1      | Gained mutation: You have a pair of small horns on your
                  | head. [demonic ancestry]
   287 | D:1      | Reached XP level 2. HP: 23/24 MP: 2/2
   700 | D:1      | Found a faded altar of an unknown god.
  1082 | D:2      | Reached XP level 3. HP: 28/29 MP: 3/3
  1182 | D:2      | Reached ** piety under Trog
  1334 | D:2      | Reached skill level 4 in Maces & Flails
  1720 | D:2      | Identified the +5 dagger "Plog" {vorpal, Fragile Will++}
  1958 | D:3      | HP: 1/29 [gnoll/+0 flail (9)]
  1962 | D:3      | Mangled by a gnoll

Illustrated notes

Levels and vault maps discovered:
D:1:      wheals_arrival_shading, layout_loops_ring,
          hellmonk_ecumenical_altar_blasted
D:2:      layout_loops_ring, chequers_serial_rivers_room_a
D:3:      layout_basic

Skill      XL: |  1  2  3 |
---------------+----------+-----
Maces & Flails | 3 4 |  4.2
Fighting       | |  3.0
Armour         | |  1.7
Dodging        | |  1.7

Action                   || total
-------------------------++-------
Melee: Mace              ||    98
       Headbutt          ||    13
       Punch             ||     2
  Use: Scroll            ||     1
 Stab: Sleeping          ||     1
Armor: Animal skin       ||    50
Dodge: Dodged            ||    58
